[Event "Live Chess"] [Site "Chess.com"] [Date "2022.01.22"] [Round "?"] [White
"AFMhughes"] [Black "litfinish"] [Result "1-0"] [ECO "A07"] [WhiteElo "1616"]
[BlackElo "1705"] [TimeControl "2700+30"] [EndTime "11:30:04 PST"] [Termination
"AFMhughes won by resignation"]  1. Nf3 c5 2. g3 d5 3. Bg2 Nc6 4. d4 Bf5 5. O-O
e6 6. c4 dxc4 7. Ne5 Nge7 8. e4 Nxe5 9. dxe5 Bg6 10. Qa4+ Nc6 11. Rd1 Qc7 12.
Bf4 Be7 13. Nc3 O-O 14. Nb5 Qb6 15. Qxc4 Rfd8 16. Nd6 Nd4 17. Rac1 Bh5 18. Rd2
Bxd6 19. exd6 Bf3 20. Rxd4 Bxg2 21. Qxc5 Qxb2 22. Kxg2 b6 23. Rd2 Qf6 24. Bg5
Qg6 25. Bxd8 Rxd8 26. Qc7 Qg5 27. Qxd8+ Qxd8 28. d7 1-0 
1-0

[Event "Live Chess"] [Site "Chess.com"] [Date "2022.01.20"] [Round "?"] [White
"BCGolem"] [Black "Morphonium"] [Result "1-0"] [ECO "B13"] [WhiteElo "1733"]
[BlackElo "1313"] [TimeControl "2700+30"] [EndTime "17:46:30 PST"] [Termination
"BCGolem won by resignation"]  1. e4 c6 2. d4 d5 3. exd5 cxd5 4. Bf4 Nf6 5. Nc3
Bf5 6. Nf3 e6 7. a3 Be7 8. Bd3 Bxd3 9. Qxd3 Nc6 10. h4 Qa5 11. O-O h5 12. Ne5
Nxe5 13. Bxe5 Qb6 14. b4 Bd6 15. Nb5 Bxe5 16. dxe5 Ng4 17. Nd6+ Ke7 18. Rae1 f6
19. c4 Nxe5 20. Rxe5 fxe5 21. c5 Qc6 22. Qg6 Rhg8 23. Qf7+ 1-0 
1-0

[Event "Live Chess"] [Site "Chess.com"] [Date "2022.01.21"] [Round "?"] [White
"esrosenberg"] [Black "rjawa"] [Result "1-0"] [ECO "D02"] [WhiteElo "2322"]
[BlackElo "1799"] [TimeControl "2700+30"] [EndTime "18:59:22 PST"] [Termination
"esrosenberg won by resignation"]  1. Nf3 d5 2. d4 Nf6 3. c4 e6 4. g3 Bb4+ 5.
Nc3 O-O 6. Bg2 dxc4 7. a3 Bxc3+ 8. bxc3 c5 9. O-O Nc6 10. a4 Re8 11. Ba3 cxd4
12. Nxd4 Nxd4 13. Qxd4 Qxd4 14. cxd4 Nd5 15. Rfc1 c3 16. e4 Nb6 17. Bc5 Bd7 18.
a5 Na4 19. Bb4 Rac8 20. Bf1 b5 21. axb6 axb6 22. Ra3 h6 23. Bxc3 Nxc3 24. Raxc3
Rxc3 25. Rxc3 Rc8 26. Rb3 Rb8 27. f3 Kf8 28. Kf2 Ke7 29. Ke3 Kd6 30. f4 g5 31.
e5+ Kd5 32. Rc3 gxf4 + 33. gxf4 Rg8 34. Bc4+ Kc6 35. Bxe6+ Kb7 36. Bxd7 Rg2 37.
Bc6+ 1-0 
1-0

[Event "Live Chess"] [Site "Chess.com"] [Date "2022.01.20"] [Round "?"] [White
"kyle_b81"] [Black "1Elliot"] [Result "0-1"] [ECO "C52"] [WhiteElo "1388"]
[BlackElo "1737"] [TimeControl "2700+30"] [EndTime "13:58:46 PST"] [Termination
"1Elliot won by checkmate"]  1. e4 e5 2. Nf3 Nc6 3. Bc4 Bc5 4. b4 Bxb4 5. c3 Ba5
6. O-O d6 7. d4 Bb6 8. d5 Na5 9. Na3 Nf6 10. Bg5 h6 11. Bxf6 Qxf6 12. Bd3 O-O
13. c4 c6 14. Kh1 cxd5 15. cxd5 Bg4 16. Be2 Rac8 17. Rc1 Rxc1 18. Qxc1 Rc8 19.
Qb1 Qd8 20. Qb4 Bc5 21. Qb2 a6 22. h3 Bh5 23. Nc4 Nxc4 24. Bxc4 Bxf3 25. gxf3
Bd4 26. Qe2 Qh4 27. Kg2 Qg5+ 28. Kh2 Qf4+ 29. Kg2 b5 30. Bd3 Rc3 31. Rd1 Qg5+
32. Kh2 Qd8 33. Rg1 Qa5 34. Qd2 Kf8 35. f4 Bxf2 36. Rc1 Bd4 37. fxe5 Bxe5+ 38.
Kh1 Rxc1+ 39. Qxc1 Qxa2 40. Qc8+ Ke7 41. Qc7+ Kf6 42. Qd8+ Kg6 43. Qh4 Qh2# 0-1 
0-1

[Event "Live Chess"] [Site "Chess.com"] [Date "2022.01.20"] [Round "?"] [White
"nargaef"] [Black "yaR_33"] [Result "0-1"] [ECO "D70"] [WhiteElo "1659"]
[BlackElo "1638"] [TimeControl "2700+30"] [EndTime "20:26:51 PST"] [Termination
"yaR_33 won by resignation"]  1. d4 Nf6 2. c4 g6 3. f3 e5 4. dxe5 Nh5 5. Nh3
Qh4+ 6. Nf2 Qxc4 7. e4 Bb4+ 8. Bd2 Bxd2+ 9. Qxd2 Qe6 10. Ng4 Nc6 11. Qc3 O-O 12.
Bc4 Qe7 13. e6 Qh4+ 14. g3 Nxg3 15. hxg3 Qxh1+ 16. Kf2 fxe6 17. Nf6+ 0-1 
0-1

[Event "Live Chess"] [Site "Chess.com"] [Date "2022.01.21"] [Round "?"] [White
"scottpost"] [Black "atbeaty"] [Result "0-1"] [ECO "B13"] [WhiteElo "1700"]
[BlackElo "1416"] [TimeControl "2700+30"] [EndTime "11:26:56 PST"] [Termination
"atbeaty won by resignation"]  1. e4 c6 2. d4 d5 3. exd5 cxd5 4. Bd3 Nc6 5. c3
Nf6 6. Bf4 Bg4 7. Qb3 Qd7 8. Nd2 e6 9. Ngf3 Bd6 10. Ne5 Qc7 11. Ndf3 Bxf3 12.
gxf3 Nd7 13. O-O-O Nxd4 0-1 
0-1

[Event "Live Chess"] [Site "Chess.com"] [Date "2022.01.21"] [Round "?"] [White
"sriracha"] [Black "MFabian55"] [Result "1-0"] [ECO "C58"] [WhiteElo "1973"]
[BlackElo "2097"] [TimeControl "3600+30"] [EndTime "11:22:27 PST"] [Termination
"sriracha won by resignation"]  1. e4 e5 2. Nf3 Nc6 3. Bc4 Nf6 4. Ng5 d5 5. exd5
Na5 6. Bb5+ c6 7. dxc6 bxc6 8. Bd3 Nd5 9. Nf3 Bd6 10. Nc3 f5 11. Nxd5 cxd5 12.
b4 Nc6 13. Bb5 Bb7 14. Bb2 O-O 15. Bxc6 Bxc6 16. Bxe5 Re8 17. d4 Bxb4+ 18. Kf1
Bb5+ 19. Kg1 Rc8 20. a3 Bf8 21. h4 Ba4 22. Rh3 Bxc2 23. Qd2 Be4 24. Ng5 Rc2 25.
Qf4 Qb6 26. Nxe4 fxe4 27. Rg3 Qb2 28. Rf1 Rc3 29. Rxc3 Qxc3 30. Rc1 Qxa3 31. Rc7
Kh8 32. Qf7 Rxe5 33. Rc8 1-0 
1-0

[Event "Live Chess"] [Site "Chess.com"] [Date "2022.01.22"] [Round "?"] [White
"Twan709"] [Black "chessterfish"] [Result "1-0"] [ECO "C07"] [WhiteElo "2096"]
[BlackElo "1899"] [TimeControl "2700+30"] [EndTime "9:38:25 PST"] [Termination
"Twan709 won by resignation"]  1. e4 e6 2. d4 d5 3. Nd2 c5 4. Ngf3 cxd4 5. Nxd4
Nc6 6. Nxc6 bxc6 7. Bd3 Nf6 8. O-O a5 9. Qe2 Be7 10. e5 Nd7 11. Re1 Nc5 12. Qg4
Kf8 13. Bf1 h5 14. Qd4 a4 15. Nf3 Ne4 16. Be3 c5 17. Qd3 Ba6 18. Qd1 Bxf1 19.
Kxf1 f5 20. exf6 gx 
1-0